 Dungeon Crawl Stone Soup version 0.20.1-1-g8b1a95d (webtiles) character file.

2842 Gargoyl the Cleaver (level 9, -1/80 HPs)
             Began as a Minotaur Abyssal Knight on July 26, 2017.
             Was an Elder of Lugonu.
             Slain by a troll (8 damage)
             ... on level 9 of the Dungeon.
             The game lasted 00:14:43 (9092 turns).

Gargoyl the Cleaver (Minotaur Abyssal Knight)       Turns: 9092, Time: 00:14:43

Health: -1/80      AC: 17    Str: 18    XL:     9   Next: 46%
Magic:  11/11      EV:  9    Int:  7    God:    Lugonu [****..]
Gold:   412        SH:  0    Dex: 12    Spells: 8/8 levels left

rFire    . . .     SeeInvis +   a - +3 hand axe
rCold    + . .     Gourm    .   (no shield)
rNeg     . . .     Faith    .   b - +2 chain mail
rPois    .         Spirit   .   (helmet restricted)
rElec    .         Reflect  .   (no cloak)
rCorr    .         Harm     .   (no gloves)
MR       .....                  k - +0 pair of boots
Stlth    ..........             (no amulet)
Regen    0.3/turn               e - ring of see invisible
MPRegen  0.2/turn               (no ring)

@: no status effects
A: retaliatory headbutt, hooves 1, horns 2, rugged brown scales 1, yellow scales
1, cold resistance 1, dopey 1, subdued magic 1
a: Depart the Abyss, Bend Space, Banish, Corrupt, Renounce Religion


You were on level 9 of the Dungeon.
You worshipped Lugonu.
Lugonu was greatly pleased with you.
You were not hungry.

You visited 1 branch of the dungeon, and saw 9 of its levels.
You visited the Abyss 1 time.

You collected 412 gold pieces.

Inventory:

Hand Weapons
 a - a +3 hand axe (weapon)
Missiles
 m - 7 tomahawks (quivered)
Armour
 b - a +2 chain mail (worn)
 k - a +0 pair of boots (worn)
Jewellery
 e - a ring of see invisible (left hand)
Wands
 o - a wand of random effects (35/48)
Scrolls
 d - 3 scrolls of teleportation
 h - 3 scrolls of remove curse
 i - 5 scrolls of immolation
 n - a scroll of fog
Potions
 g - a potion of agility
 l - 4 potions of curing
 q - a potion of flight
 v - a potion of resistance
Books
 p - a book of Callings

   Spells                             Type                      Level
   a - Summon Small Mammal            Summoning                    1
   b - Call Imp                       Summoning                    2
   c - Call Canine Familiar           Summoning                    3
   d - Summon Guardian Golem          Hexes/Summoning              3
   e - Summon Lightning Spire         Summoning/Air                4
   f - Summon Ice Beast               Ice/Summoning                4
Comestibles
 c - 8 bread rations
 f - 3 royal jellies
 s - 19 fruits
 u - 2 meat rations


   Skills:
 + Level 6.7 Fighting
 + Level 9.5 Axes
 * Level 9.3 Armour
 + Level 3.2 Dodging
 * Level 5.2 Invocations


You had 8 spell levels left.
You didn't know any spells.

Dungeon Overview and Level Annotations

Branches:
Dungeon (9/15)             Temple (0/1) D:4            Lair (0/6) D:8
    Orc: D:9-12

Altars:
Fedhas
Kikubaaqudgha
Okawaru
Trog

Shops:
D:4 *


Innate Abilities, Weirdness & Mutations

You reflexively headbutt those who attack you in melee.
You have a pair of horns on your head.
You have large cloven feet.
You are partially covered in rugged brown scales. (AC +1, +3% HP)
You are partially covered in yellow scales. (AC +2)
Your flesh is cold resistant. (rC+)
You are dopey. (Int -2)
Your spells are a little easier to cast, but a little less powerful.


Message History

* * * LOW HITPOINT WARNING * * *
The troll barely misses you.
You hit the troll.
The troll is severely wounded.
The troll bites you.
* * * LOW HITPOINT WARNING * * *
The troll claws you but does no damage. The troll barely misses you.
You hit the troll.
The troll is severely wounded.
The troll barely misses you. x2; The troll claws you but does no damage.
You hit the troll.
The troll is severely wounded.
The troll bites you!
* * * LOW HITPOINT WARNING * * *
The troll claws you but does no damage. x2
Okay, then.
Press: ? - help, Shift-Dir - straight line, f - troll
Aim: a troll (severely wounded, chance to defeat MR: 83%)
You fail to use your ability.
The troll bites you!
You die...

#.# #.#
#.# ...
# #.#
#.##.###
#<.....#
####.#.#
#@#.#
#(T.#
##..#
..# ..#
..# ...
..## ..#


You could see a troll.

Vanquished Creatures
  A black bear (D:7)
  2 ice beasts (D:7)
  2 sky beasts
  A phantom (D:4)
  A wolf (D:8)
  3 ogres
  2 centaurs
  2 bullfrogs
  A wyvern zombie (D:6)
  2 jellies
  4 crimson imps
  8 hounds
  4 orc wizards
  An iguana (D:7)
  A hell rat (D:7)
  6 worker ants
  A worker ant zombie (D:5)
  9 gnolls
  5 adders
  8 river rats (D:7)
  2 shadow imps
  3 oozes
  2 adder skeletons
  An adder zombie (D:7)
  7 worms
  3 dart slugs
  5 leopard geckos
  23 orcs
  13 bats
  10 giant cockroaches
  8 goblins
  11 hobgoblins
  10 jackals
  19 kobolds
  9 quokkas
  A ball python (D:3)
  6 frilled lizards
  A jackal zombie (D:5)
  20 rats
218 creatures vanquished.

Vanquished Creatures (others)
  The ghost of ReignOfFire the Slasher, a novice DsGl of Okawaru (D:6)
1 creature vanquished.

Grand Total: 219 creatures vanquished

Notes
Turn   | Place    | Note
-------+----------+-------------------------------------------
     0 | Abyss:1  | Gargoyl the Minotaur Abyssal Knight began the quest for the Orb.
     0 | Abyss:1  | Reached XP level 1. HP: 19/19 MP: 1/1
    13 | Abyss:1  | Found a corrupted altar of Lugonu.
    24 | Abyss:1  | Found a corrupted altar of Lugonu.
    59 | Abyss:1  | Noticed an apocalypse crab
    69 | Abyss:1  | Noticed a hell hound
    77 | D:1      | Escaped the Abyss
   410 | D:1      | Reached XP level 2. HP: 18/27 MP: 2/2
   645 | D:1      | Reached * piety under Lugonu
   853 | D:1      | Reached XP level 3. HP: 33/33 MP: 3/3
  1610 | D:2      | Reached ** piety under Lugonu
  1925 | D:2      | Reached XP level 4. HP: 27/41 MP: 4/4
  2095 | D:2      | Found a bloodstained altar of Trog.
  2776 | D:3      | Found an ancient bone altar of Kikubaaqudgha.
  2952 | D:3      | Found a blossoming altar of Fedhas.
  3165 | D:3      | Reached XP level 5. HP: 40/47 MP: 5/5
  3742 | D:3      | Reached *** piety under Lugonu
  3833 | D:4      | Found a staircase to the Ecumenical Temple.
  3932 | D:4      | Noticed a phantom
  3980 | D:4      | Killed a phantom
  3980 | D:4      | Reached skill level 5 in Axes
  3980 | D:4      | Reached XP level 6. HP: 23/55 MP: 6/6
  4801 | D:4      | Found Otuady's Assorted Antiques.
  5113 | D:5      | Entered Level 5 of the Dungeon
  5128 | D:5      | Reached skill level 5 in Fighting
  5331 | D:5      | Reached skill level 5 in Armour
  5416 | D:5      | Reached XP level 7. HP: 51/61 MP: 8/8
  6507 | D:6      | Noticed ReignOfFire's ghost (novice DsGl)
  6530 | D:6      | Reached XP level 8. HP: 42/69 MP: 9/9
  6548 | D:6      | Gained mutation: You are clumsy. (Dex -2) [potion of mutation]
  6548 | D:6      | Gained mutation: Scrolls take you a little longer to read. [potion of mutation]
  6548 | D:6      | Gained mutation: Armour fits poorly on your strangely shaped body. [potion of mutation]
  6548 | D:6      | Lost mutation: Scrolls take you a little longer to read. [potion of mutation]
  6613 | D:6      | Banished ReignOfFire's ghost
  6617 | D:6      | Gained mutation: Your mind is acute. (Int +2) [mutagenic meat]
  6618 | D:6      | Gained mutation: You are partially covered in rugged brown scales. (AC +1, +3% HP) [mutagenic meat]
  6619 | D:6      | Gained mutation: Your muscles are strong. (Str +2) [mutagenic meat]
  6620 | D:6      | Gained mutation: You are partially covered in yellow scales. (AC +2) [mutagenic meat]
  6622 | D:6      | Gained mutation: Your spells are a little easier to cast, but a little less powerful. [mutagenic meat]
  6624 | D:6      | Lost mutation: Armour fits poorly on your strangely shaped body. [potion of mutation]
  6624 | D:6      | Lost mutation: Your mind is acute. (Int +2) [potion of mutation]
  6624 | D:6      | Lost mutation: Your muscles are strong. (Str +2) [potion of mutation]
  6624 | D:6      | Lost mutation: You are clumsy. (Dex -2) [potion of mutation]
  6624 | D:6      | Gained mutation: You are dopey. (Int -2) [potion of mutation]
  6624 | D:6      | Gained mutation: You have large cloven feet. [potion of mutation]
  6624 | D:6      | Gained mutation: Your flesh is cold resistant. (rC+) [potion of mutation]
  7741 | D:7      | Found an iron altar of Okawaru.
  7961 | D:7      | Reached XP level 9. HP: 71/77 MP: 11/11
  8294 | D:7      | Reached **** piety under Lugonu
  8320 | D:7      | Reached skill level 5 in Invocations
  8907 | D:8      | Noticed a troll
  8909 | D:8      | Found a staircase to the Lair.
  9092 | D:9      | Slain by a troll

Skill      XL: |  1  2  3  4  5  6  7  8  9 |
---------------+----------------------------+-----
Fighting       | 4 5 6 |  6.7
Invocations    | 2 3 4 5 |  5.2
Armour         | 3 4 5 6 8 9 |  9.3
Axes           | 3 5 6 8 9 |  9.5
Dodging        | 2 3 |  3.2

Action                   |  1- 3 |  4- 6 |  7- 9 || total
-------------------------+-------+-------+-------++-------
Melee: Hand axe          |   110 |   238 |   364 ||   712
       Headbutt          |    24 |    37 |    64 ||   125
Throw: Tomahawk          |       |       |     1 ||     1
Invok: Depart the Abyss  |     1 |       |       ||     1
       Banish            |       |       |     1 ||     1
  Use: Scroll            |     5 |     6 |     6 ||    17
       Potion            |       |       |    10 ||    10
  Eat: Chunk             |     3 |    11 |    19 ||    33
Armor: Leather armour    |    53 |       |       ||    53
       Chain mail        |       |   109 |   254 ||   363
       Ring mail         |       |    12 |       ||    12
       Skin              |       |       |    12 ||    12
Dodge: Dodged            |   103 |   123 |   156 ||   382
